AoeStats
← fritzy1712

Arabian Desert

509883293Analyzed
1v1 RM · 3d ago on Sep 28, 2026· 39m 33s· 2 players
Game mode
Random Map
Map size
Tiny (2 player)
Population
200
Speed
Normal
Resources
Standard
Victory
Conquest
Starting age
Dark Age
Ending age
Imperial Age
RankedLock teamsTeams togetherTeam positionsShared explorationLock speedFull tech treeHidden civsTurbo modeCheats
Victory
Defeat
🇨🇭 Teutons · Switzerland
792
+16
🇬🇧 Varangians · United Kingdom
794
-16
fritzy1712
10:41 Feudal Age
11:11 Double-Bit Axe
12:53 Loom
16:20 Man-at-Arms
18:24 Wheelbarrow
18:23 Forging
19:44 Horse Collar
20:09 Scale Mail Armor
22:52 Scale Barding Armor
23:51 Bloodlines
27:48 Castle Age
29:19 Hand Cart
29:09 Squires
30:18 Pikeman
31:37 Arson
33:02 Gambesons
34:07 Gold Mining
34:07 Stone Mining
34:45 Town Watch
35:30 Bow Saw
35:32 Heavy Plow
36:57 Iron Casting
37:38 Chain Barding Armor
41:37 Imperial Age
Douchiedoo
7:10 Loom
10:00 Feudal Age
10:42 Double-Bit Axe
10:25 Man-at-Arms
11:51 Town Watch
12:14 Arson
20:44 Gold Mining
23:36 Castle Age
23:27 Scale Barding Armor
23:42 Forging
23:28 Fletching
24:32 Bow Saw
23:57 Pikeman
26:44 Horse Collar
28:27 Bloodlines
30:58 Squires
31:16 Scale Mail Armor
33:36 Husbandry
35:35 Bodkin Arrow
Connection lost

Rejoining the realm…

Still unreachable

The connection could not be restored.

Session expired

The server has moved on; the page needs a fresh start.